 Dungeon Crawl Stone Soup version 0.25-a0-591-g2ad0d861f1 (webtiles) character file.

Game seed: 7393543931756881843, levelgen mode: deterministic

151 Esekla the Ducker (level 5, -3/25 HPs)
             Began as a Spriggan Artificer on Mar 14, 2020.
             Killed from afar by an orc wizard (9 damage)
             ... with a magic dart
             ... on level 1 of the Dungeon.
             The game lasted 00:13:12 (2390 turns).

Esekla the Ducker (Spriggan Artificer)              Turns: 2390, Time: 00:13:12

Health: -3/25      AC:  2    Str:  8    XL:     5   Next: 11%
Magic:  9/9        EV: 20    Int: 14    God:
Gold:   172        SH:  0    Dex: 16    Spells: 8/8 levels left

rFire    + . .     SeeInvis +   a - +0 short sword
rCold    + . .     Gourm    .   (shield restricted)
rNeg     . . .     Faith    .   b - +0 robe
rPois    .         Spirit   .   (helmet restricted)
rElec    .         Reflect  .   k - scarf {rC+ rF+}
rCorr    .         Harm     .   (gloves unavailable)
MR       .....                  (boots unavailable)
Stlth    ++........             (no amulet)
HPRegen  0.08/turn              (no ring)
MPRegen  0.11/turn              (no ring)

@: very quick
A: very small, unfitting armour, see invisible, herbivore, speed 3, slow
metabolism 2
a: no special abilities


You were on level 1 of the Dungeon.
You were not hungry.

You visited 1 branch of the dungeon, and saw 4 of its levels.
You also visited: Sewer.

You collected 172 gold pieces.

Inventory:

Hand Weapons
 a - a +0 short sword (weapon)
Missiles
 j - 10 poisoned darts (quivered)
Armour
 b - a +0 robe (worn)
 k - a scarf of resistance (worn)
Wands
 c - a wand of flame (6)
 d - a wand of enslavement (15)
 e - a wand of random effects (15)
Scrolls
 l - 3 scrolls of remove curse
Potions
 g - a potion of lignification
 h - 2 potions of flight {unknown}
 i - 2 potions of curing
 n - a potion of mutation {unknown}
Comestibles
 f - 6 rations


   Skills:
 - Level 0.7 Fighting
 * Level 3.2 Short Blades
 + Level 0.1 Throwing
 * Level 5.1 Dodging
 + Level 2.6 Stealth
 * Level 2.4 Spellcasting
 - Level 4.0 Evocations


You had 8 spell levels left.
You didn't know any spells.
Your spell library was empty.

Dungeon Overview and Level Annotations

Branches:
Dungeon (4/15)              Sewer (visited)
 Temple: D:4-7

Altars:


Innate Abilities, Weirdness & Mutations

You are very small and have problems with some larger weapons.
You are too small for most types of armour.
You have supernaturally acute eyesight. (SInv)
You are a herbivore.
You cover ground extremely quickly.
You need to consume almost no food.


Message History

The orc wizard completely misses you.
You barely miss the orc wizard.
The orc wizard is severely wounded.
The orc wizard points at you and mumbles some strange words.
The magic dart hits you. The orc wizard completely misses you.
The orc wizard hits you with a +0 dagger.
There is a stone staircase leading up here.
The orc wizard hits you with a +0 dagger.
You climb upwards.
There is a stone staircase leading down here.
You hit the orc wizard but do no damage.
The orc wizard is severely wounded.
The orc wizard hits you with a +0 dagger.
* * * LOW HITPOINT WARNING * * *
You closely miss the orc wizard.
The orc wizard is severely wounded.
The orc wizard gestures at you while chanting.
The magic dart hits you!
You die...

## ##.####### #..........
#........###### ##....#....#
####..###........# #........÷..
.......##.#####..# #.##....##..
###.#.#÷#.# #..# #.##...(##..
##.##.....# ##..#####.##........
..........# #............)#....#
####.#.##.####...#######.........
................@# #..........
#########...##.#o######.....####.
# #...##.#.#.........## ## #
####...##.#.#.####..#.# #
#.............####..#.#
######.##................#.#
..........#.####.######....#
######.####.# #.#..†.....## #.#
#.# #.....)....#


You could see an orc wizard.

Vanquished Creatures
  A crocodile (Sewer)
  3 adders (D:2)
  An ooze (D:3)
  A dart slug (D:3)
  2 leopard geckos (D:3)
  2 giant cockroaches (D:3)
  4 goblins
  2 hobgoblins
  5 jackals
  3 ball pythons (D:3)
  4 bats
  5 frilled lizards
  5 kobolds
  8 rats
46 creatures vanquished.

Notes
Turn   | Place    | Note
-------+----------+-------------------------------------------
     0 | D:1      | Esekla the Spriggan Artificer began the quest for the Orb.
     0 | D:1      | Reached XP level 1. HP: 9/9 MP: 4/4
    11 | D:1      | You fall into a shaft and drop 1 floor!
    14 | D:2      | Reached XP level 2. HP: 6/14 MP: 6/6
   246 | D:3      | Reached skill level 1 in Spellcasting
   374 | D:3      | Found a glowing drain.
   379 | Sewer    | Entered a sewer
   714 | Sewer    | Noticed a crocodile
   755 | Sewer    | Killed a crocodile
   755 | Sewer    | Reached skill level 4 in Dodging
   755 | Sewer    | Reached XP level 3. HP: 17/17 MP: 7/7
   755 | Sewer    | Reached XP level 4. HP: 21/21 MP: 8/8
  1297 | D:2      | Reached skill level 5 in Dodging
  1854 | D:1      | Reached XP level 5. HP: 25/25 MP: 9/9
  2390 | D:1      | Killed from afar by an orc wizard

Levels and vault maps discovered:
D:1:      minmay_arrival_doors, layout_loops_ring, skrybe_limestone_x
D:2:      layout_loops_ring, nicolae_ru_path_of_blood,
          ebering_dispersal_statue_hall
D:3:      layout_basic, portal_sewer_entry_e, first_ration
D:4:      layout_basic, serial_shops, kennysheep_little_box

Skill      XL: |  1  2  3  4 |
---------------+-------------+-----
Spellcasting   | 2 |  2.4
Short Blades   | 2 3 |  3.2
Dodging        | 4 5 |  5.1
Stealth        | 2 |  2.6
Fighting       | |  0.7
Throwing       | |  0.1
Evocations     | |  4.0

Action                   |  1- 3 |  4- 6 || total
-------------------------+-------+-------++-------
Melee: Short sword       |    51 |   113 ||   164
Throw: Dart              |       |     7 ||     7
Evoke: Wand              |     9 |       ||     9
  Use: Scroll            |     2 |     1 ||     3
 Stab: Sleeping          |     1 |     5 ||     6
       Distracted        |       |     1 ||     1
Armor: Robe              |       |     8 ||     8
Dodge: Dodged            |    37 |   100 ||   137

Table legend:
 A = Non-vault XP
 B = Vault XP
 C = Vault XP percentage of total XP
 D = Non-vault monster count
 E = Vault monster count
 F = Vault count percentage of total count
                 A         B        C        D         E       F
            +---------+---------+-------+---------+---------+-------
      Total |      96 |     121 |  55.8 |      32 |      14 |  30.4
            +---------+---------+-------+---------+---------+-------
        D:1 |      25 |       0 |   0.0 |      15 |       0 |   0.0
        D:2 |      51 |       0 |   0.0 |      11 |       0 |   0.0
        D:3 |      20 |      10 |  33.3 |       6 |       8 |  57.1
      Sewer |       0 |     111 | 100.0 |       0 |       6 | 100.0
            +---------+---------+-------+---------+---------+-------
